 Dungeon Crawl Stone Soup version 0.24.1-14-gf8d2b509d9 (console) character file.

Game seed: 12784727836979696080, levelgen mode: deterministic

1863 Kagalorn the Digger (level 9, -2/51 HPs)
             Began as an Octopode Earth Elementalist on Nov 12, 2020.
             Was an Initiate of Sif Muna.
             Killed from afar by an orc wizard (6 damage)
             ... with a magic dart
             ... on level 6 of the Dungeon.
             The game lasted 00:13:20 (6086 turns).

Kagalorn the Digger (Octopode Earth Elementalist)   Turns: 6086, Time: 00:13:21

Health: -2/51      AC:  1    Str:  7    XL:     9   Next: 13%
Magic:  0/15       EV: 15    Int: 20    God:    Sif Muna [......]
Gold:   268        SH:  0    Dex: 13    Spells: 14/17 levels left

rFire    + . .     SeeInvis +   a - +2 whip (flame)
rCold    . . .     Gourm    .   (no shield)
rNeg     . . .     Faith    .   (helmet restricted)
rPois    .         Spirit   +   w - amulet of guardian spirit
rElec    .         Reflect  .   g - ring of protection from fire
rCorr    .         Harm     .   y - ring of see invisible
MR       .....                  (no ring)
Stlth    ++++......             (no ring)
HPRegen  0.17/turn              (no ring)
MPRegen  0.14/turn              (no ring)
                                (no ring)
                                (no ring)

@: no status effects
A: almost no armour, stealthy swim, amphibious, 8 rings, constrict 8, camouflage
1, gelatinous body 1
a: Renounce Religion


You were on level 6 of the Dungeon.
You worshipped Sif Muna.
Sif Muna was noncommittal.
You were hungry.

You visited 1 branch of the dungeon, and saw 6 of its levels.

You collected 268 gold pieces.

Inventory:

Hand Weapons
 a - a +2 whip of flaming (weapon)
Missiles
 d - 6 boomerangs
 k - 41 sling bullets
 t - 77 bolts
 v - 13 poisoned darts
 A - 52 stones (quivered)
Magical Staves
 G - an uncursed staff of poison
Jewellery
 g - a ring of protection from fire (left tentacle)
 w - an amulet of guardian spirit (around mantle)
 y - a ring of see invisible (right tentacle)
 F - a +3 ring of evasion {unknown}
Wands
 e - a wand of flame (15)
 H - a wand of random effects (18)
Scrolls
 h - a scroll of enchant armour {unknown}
 i - 4 scrolls of amnesia {unknown}
 j - 3 scrolls of random uselessness {unknown}
 m - 6 scrolls of identify {unknown}
 r - 4 scrolls of remove curse
 s - 2 scrolls of enchant weapon {unknown}
 B - a scroll of blinking {unknown}
 D - a scroll of noise {unknown}
 E - a scroll of magic mapping {unknown}
Potions
 b - a potion of flight {unknown}
 f - 3 potions of heal wounds {unknown}
 l - a potion of brilliance {unknown}
 n - 2 potions of haste {unknown}
 o - a potion of curing {unknown}
 p - a potion of lignification {unknown}
 q - a potion of might {unknown}
 u - 2 potions of agility
 x - a potion of berserk rage {unknown}
 z - 3 potions of ambrosia {unknown}
 C - 2 potions of invisibility {unknown}
Comestibles
 c - 10 rations


   Skills:
 - Level 5.0 Dodging
 + Level 7.2 Stealth
 + Level 4.6 Spellcasting
 - Level 4.0 Transmutations
 * Level 7.4 Earth Magic
 + Level 2.3 Invocations


You had 14 spell levels left.
You knew the following spells:

 Your Spells              Type           Power        Failure   Level  Hunger
a - Sandblast             Erth           ####..       1%          1    None
g - Passwall              Tmut/Erth      ####....     1%          2    #......

Your spell library contained the following spells:

 Spells                   Type           Power        Failure   Level  Hunger
 Stone Arrow              Conj/Erth      ###...       8%          3    ##.....
 Petrify                  Tmut/Erth      ####....     12%         4    ####...
 Lee's Rapid Deconstruct  Erth           ####......   16%         5    ######.


Dungeon Overview and Level Annotations

Branches:
Dungeon (6/15)
 Temple: D:4-7

Altars:
Sif Muna
Xom
Yredelemnul
Zin

Shops:
D:5 }


Innate Abilities, Weirdness & Mutations

You cannot wear most types of armour.
You are very stealthy in the water. (Stealth+)
You are amphibious.
You can wear up to eight rings at the same time.
You can use your tentacles to constrict eight enemies at once.
Your skin changes colour to match your surroundings (Stealth+).
Your rubbery body absorbs attacks. (AC +1, EV +1)


Message History

The orc wizard hits you but does no damage.
The orc wizard casts a spell at you. The magic dart hits you!
The orc wizard casts a spell at you. The magic dart hits you!
* * * LOW HITPOINT WARNING * * *
The orc wizard casts a spell at you. The magic dart hits you.
* * * LOW HITPOINT WARNING * * *
There is an open door here.
The orc wizard casts a spell.
The orc wizard blinks!
The orc wizard hits you with a +0 dagger.
* * * LOW HITPOINT WARNING * * *
The orc wizard casts a spell at you. The magic dart hits you!
* * * LOW HITPOINT WARNING * * *
The orc wizard gestures at you while chanting.
The magic dart hits you!
You die...

#####.......+.........+
.......
##...####....o....####.......
#..## ##.......## #.....##
#.## ##.....## #..#..# #.#
##...## #..#..# #.# ##'##
#.....# #.# #o# #.# ####.##
#.# #..@.o# #.#######.....###
#...............#
#########.....#.#
#.....#.#######
####.##........ #.##########
#.# #.#


You could see an orc warrior, an orc wizard and an orc.

Vanquished Creatures
  Pikel (D:4)
  Sigmund (D:6)
  Menkaure (D:4)
  Edmund (D:4)
  An ice beast (D:6)
  Duvessa (D:6)
  A phantom (D:4)
  An ogre (D:5)
  Dowan (D:6)
  A scorpion (D:3)
  2 crimson imps
  A centaur skeleton (D:4)
  A hound (D:4)
  Jessica (D:2)
  2 worker ants
  4 iguanas
  A hound zombie (D:5)
  A hound skeleton (D:6)
  4 gnolls (D:2)
  A howler monkey skeleton (D:5)
  8 adders
  An adder skeleton (D:4)
  5 worms
  A dart slug (D:2)
  2 leopard geckos
  9 orcs
  8 bats
  4 giant cockroaches
  9 goblins
  7 hobgoblins
  6 jackals (D:1)
  A quokka (D:2)
  3 ball pythons
  2 frilled lizards
  A jackal zombie (D:6)
  9 kobolds
  A leopard gecko skeleton (D:4)
  11 rats
116 creatures vanquished.

Vanquished Creatures (others)
  A slave (D:4)
  A worker ant (D:4)
  2 adders
4 creatures vanquished.

Grand Total: 120 creatures vanquished

Notes
Turn   | Place    | Note
-------+----------+-------------------------------------------
     0 | D:1      | Kagalorn the Octopode Earth Elementalist began the quest
                  | for the Orb.
     0 | D:1      | Reached XP level 1. HP: 11/11 MP: 3/3
    83 | D:1      | Reached XP level 2. HP: 11/17 MP: 0/5
   762 | D:1      | Reached XP level 3. HP: 20/21 MP: 6/6
  1265 | D:2      | Found a faded altar of an unknown god.
  1279 | D:2      | Learned a level 2 spell: Passwall
  1324 | D:2      | Found a basalt altar of Yredelemnul.
  1623 | D:2      | Reached XP level 4. HP: 11/27 MP: 3/7
  2208 | D:2      | Reached XP level 5. HP: 21/31 MP: 8/8
  2214 | D:2      | Noticed Jessica
  2221 | D:2      | Killed Jessica
  2776 | D:3      | Reached XP level 6. HP: 34/36 MP: 10/10
  3570 | D:4      | Noticed a phantom
  3649 | D:4      | Killed a phantom
  3649 | D:4      | Reached skill level 5 in Earth Magic
  3801 | D:4      | Noticed Pikel
  3814 | D:4      | Noticed a slave
  3814 | D:4      | Noticed a slave
  3814 | D:4      | Noticed a slave
  3814 | D:4      | Noticed a slave
  3828 | D:4      | Killed Pikel
  3828 | D:4      | Reached skill level 5 in Stealth
  3828 | D:4      | Reached XP level 7. HP: 41/41 MP: 1/12
  3828 | D:4      | Reached XP level 8. HP: 46/46 MP: 1/13
  3914 | D:4      | Found a shimmering altar of Xom.
  3914 | D:4      | Found a shimmering blue altar of Sif Muna.
  3914 | D:4      | Found a glowing silver altar of Zin.
  4055 | D:4      | Noticed Edmund
  4103 | D:4      | Killed Edmund
  4244 | D:4      | Noticed Menkaure
  4250 | D:4      | Killed Menkaure
  4261 | D:4      | Became a worshipper of Sif Muna the Loreminder
  4314 | D:5      | Entered Level 5 of the Dungeon
  4616 | D:5      | Found Peosh's Gadget Shop.
  4673 | D:5      | Reached skill level 1 in Invocations
  5161 | D:6      | Noticed Duvessa
  5161 | D:6      | Noticed Dowan
  5193 | D:6      | Killed Duvessa
  5308 | D:6      | Killed Dowan
  5522 | D:6      | Reached XP level 9. HP: 14/51 MP: 5/15
  5794 | D:6      | Found the +3 salamander hide armour {+Rage rF++}
  5937 | D:6      | Noticed Sigmund
  5941 | D:6      | Killed Sigmund
  5941 | D:6      | Reached skill level 5 in Dodging
  6086 | D:6      | Killed from afar by an orc wizard

Levels and vault maps discovered:
D:1:      lightli_arrival_lavapool, layout_basic,
          hangedman_decor_clover_reticule, roderic_cross_of_infinity
D:2:      layout_loops_cross, lemuel_crystal_altar,
          chequers_ecumenical_altar_simple, uniq_jessica
D:3:      layout_basic
D:4:      layout_loops_ring, chequers_temple_overflow_statue_of_worship,
          chequers_serial_rivers_room_a, grunt_ministairs_2, uniq_pikel,
          uniq_edmund, uniq_menkaure
D:5:      layout_cave_pools, first_ration, serial_shops,
          nicolae_shop_statue_plus, serial_park, serial_park_square1
          [serial_park_minivault_5x5_5], serial_park_tiny_2, lemuel_flame_loot_1
D:6:      layout_loops_corners, minmay_temple_entry_mist, uniq_duvessa,
          uniq_sigmund

Skill      XL: |  1  2  3  4  5  6  7  8  9 |
---------------+----------------------------+-----
Stealth        | 3 4 5 7 |  7.2
Earth Magic    | 4 6 7 |  7.4
Transmutations | 2 3 4 |  4.0
Dodging        | 3 4 5 |  5.0
Spellcasting   | 3 4 |  4.6
Invocations    | 2 |  2.3

Action                   |  1- 3 |  4- 6 |  7- 9 || total
-------------------------+-------+-------+-------++-------
Melee: Unarmed           |    52 |       |       ||    52
       Constrict         |    18 |    25 |    13 ||    56
       Tentacles         |     8 |    13 |    14 ||    35
       Dagger            |    12 |    11 |       ||    23
       Whip              |       |    90 |    93 ||   183
 Cast: Sandblast         |    26 |    58 |    22 ||   106
  Use: Scroll            |       |       |     1 ||     1
 Stab: Sleeping          |     7 |    15 |     6 ||    28
       Distracted        |       |       |     1 ||     1
  Eat: Chunk             |     2 |     7 |     4 ||    13
       Ration            |       |       |     1 ||     1
Armor: Skin              |     7 |     5 |     7 ||    19
Dodge: Dodged            |    45 |    64 |    58 ||   167
